[ AOE2 MATCH · #473818161 ]
Team RMCelts vs Bohemians
[ REPLAY ANALYSIS · EXTRACTED FROM THE RECORDED GAME ]
Feudal
—
Castle
—
Imperial
—
| APM avg | 9.3 |
| APM peak | 21 |
| eAPM avg | 6.6 |
| Villagers / military | 34 / 8 |
Focus
⚔️ 15.2% · 🌾 84.8%
Militia ×8
Feudal
—
Castle
—
Imperial
—
| APM avg | 4.9 |
| APM peak | 39 |
| eAPM avg | 2.7 |
| Villagers / military | 17 / 0 |
Focus
⚔️ 2.9% · 🌾 97.1%
Feudal
—
Castle
—
Imperial
—
| APM avg | 5.5 |
| APM peak | 29 |
| eAPM avg | 1.9 |
| Villagers / military | 15 / 0 |
Focus
⚔️ 0.0% · 🌾 100.0%
Feudal
11:06
Castle
—
Imperial
—
| APM avg | 17.1 |
| APM peak | 33 |
| eAPM avg | 8.1 |
| Villagers / military | 29 / 0 |
Focus
⚔️ 7.2% · 🌾 92.8%
Feudal
—
Castle
—
Imperial
—
| APM avg | 3.4 |
| APM peak | 17 |
| eAPM avg | 2.3 |
| Villagers / military | 9 / 0 |
Focus
⚔️ 12.9% · 🌾 87.1%
Feudal
—
Castle
—
Imperial
—
| APM avg | 19.6 |
| APM peak | 50 |
| eAPM avg | 12.4 |
| Villagers / military | 46 / 16 |
Focus
⚔️ 17.9% · 🌾 82.1%
Militia ×16
Match map
Resources at game start + every placement click. Thick line = wall · dashed box = detected house wall. 🟡 gold · ⚪ stone · 🟢 berries · 🔶 boar · ⭕ relic
Inputs per minute
— frizboum - - camper
Build order — frizboum
74 actions detected in the replay
| 0:02 | Create | Villager (Male) |
| 0:10 | Build | House |
| 0:34 | Research | Loom |
| 0:39 | Create | Villager (Male) |
| 0:39 | Create | Villager (Male) |
| 0:39 | Create | Villager (Male) |
| 0:57 | Build | Palisade Wall |
| 1:01 | Build | Palisade Gate |
| 1:07 | Build | Palisade Gate |
| 1:25 | Build | Lumber Camp |
| 2:26 | Create | Villager (Male) |
| 2:54 | Build | House |
| 3:01 | Create | Villager (Male) |
| 3:33 | Build | House |
| 3:37 | Create | Villager (Male) |
| 4:00 | Create | Villager (Male) |
| 4:08 | Build | House |
| 4:09 | Build | House |
| 4:28 | Create | Villager (Male) |
| 5:08 | Create | Villager (Male) |
| 5:21 | Create | Villager (Male) |
| 5:23 | Create | Villager (Male) |
| 6:02 | Create | Villager (Male) |
| 6:12 | Create | Villager (Male) |
| 6:28 | Build | Mill |
| 7:18 | Build | Mining Camp |
| 7:45 | Create | Villager (Male) |
| 7:45 | Create | Villager (Male) |
| 7:45 | Create | Villager (Male) |
| 7:47 | Create | Villager (Male) |
| 8:41 | Create | Villager (Male) |
| 8:45 | Create | Villager (Male) |
| 10:04 | Research | Feudal Age |
| 10:41 | Build | House |
| 10:42 | Build | House |
| 10:44 | Build | House |
| 11:06 | Build | Mill |
| 11:14 | Create | Villager (Male) |
| 11:15 | Create | Villager (Male) |
| 12:04 | Build | Barracks |
| 12:32 | Research | Gold Mining |
| 12:44 | Research | Horse Collar |
| 13:24 | Create | Villager (Male) |
| 13:24 | Create | Villager (Male) |
| 13:24 | Create | Villager (Male) |
| 13:42 | Create | Villager (Male) |
| 14:30 | Build | Mill |
| 15:02 | Create | Militia |
| 15:03 | Create | Militia |
| 15:03 | Create | Militia |
| 15:07 | Create | Militia |
| 15:07 | Create | Militia |
| 15:14 | Build | Mill |
| 15:17 | Create | Villager (Male) |
| 16:12 | Create | Militia |
| 16:12 | Create | Militia |
| 16:44 | Create | Villager (Male) |
| 17:00 | Create | Villager (Male) |
| 17:01 | Create | Villager (Male) |
| 17:26 | Research | Man-at-Arms (upgrade) |
| 17:28 | Research | Arson |
| 17:32 | Create | Villager (Male) |
| 17:34 | Create | Villager (Male) |
| 17:40 | Build | Blacksmith |
| 17:47 | Build | Market |
| 18:00 | Create | Villager (Male) |
| 18:08 | Build | House |
| 18:09 | Build | House |
| 18:34 | Create | Villager (Male) |
| 18:49 | Create | Militia |
| 18:57 | Research | Forging |
| 19:07 | Build | Farm |
| 19:14 | Research | Scale Mail Armor |
| 19:18 | Build | Farm |
Build order — camper
25 actions detected in the replay
| 0:05 | Create | Villager (Male) |
| 0:06 | Research | Loom |
| 0:06 | Create | Villager (Male) |
| 0:06 | Create | Villager (Male) |
| 0:07 | Create | Villager (Male) |
| 0:07 | Create | Villager (Male) |
| 0:18 | Build | House |
| 0:19 | Build | House |
| 0:21 | Build | House |
| 0:22 | Build | House |
| 1:36 | Create | Villager (Male) |
| 2:24 | Build | Palisade Wall |
| 2:46 | Create | Villager (Male) |
| 2:47 | Create | Villager (Male) |
| 2:47 | Create | Villager (Male) |
| 2:47 | Create | Villager (Male) |
| 3:31 | Create | Villager (Male) |
| 3:31 | Create | Villager (Male) |
| 3:54 | Create | Villager (Male) |
| 3:54 | Create | Villager (Male) |
| 3:54 | Create | Villager (Male) |
| 4:08 | Create | Villager (Male) |
| 4:08 | Create | Villager (Male) |
| 4:14 | Build | House |
| 4:17 | Build | House |
Build order — JESSE PINKMAN
20 actions detected in the replay
| 0:01 | Create | Villager (Male) |
| 0:01 | Create | Villager (Male) |
| 0:02 | Create | Villager (Male) |
| 0:03 | Build | House |
| 0:05 | Build | House |
| 0:28 | Create | Villager (Male) |
| 1:52 | Build | Lumber Camp |
| 1:55 | Create | Villager (Male) |
| 2:07 | Create | Villager (Male) |
| 2:07 | Create | Villager (Male) |
| 2:33 | Create | Villager (Male) |
| 2:33 | Create | Villager (Male) |
| 2:50 | Create | Villager (Male) |
| 2:50 | Create | Villager (Male) |
| 3:16 | Create | Villager (Male) |
| 3:20 | Build | House |
| 3:44 | Create | Villager (Male) |
| 3:45 | Create | Villager (Male) |
| 3:47 | Build | House |
| 3:57 | Create | Villager (Male) |
Build order — 76561199756344589
67 actions detected in the replay
| 0:02 | Create | Villager (Male) |
| 0:03 | Create | Villager (Male) |
| 0:03 | Create | Villager (Male) |
| 0:06 | Build | House |
| 0:26 | Create | Villager (Male) |
| 0:26 | Create | Villager (Male) |
| 1:38 | Build | House |
| 1:41 | Create | Villager (Male) |
| 1:57 | Build | Lumber Camp |
| 2:22 | Create | Villager (Male) |
| 2:44 | Create | Villager (Male) |
| 3:04 | Create | Villager (Male) |
| 3:53 | Create | Villager (Male) |
| 3:53 | Create | Villager (Male) |
| 4:02 | Build | House |
| 4:29 | Create | Villager (Male) |
| 4:37 | Build | House |
| 5:25 | Create | Villager (Male) |
| 5:25 | Create | Villager (Male) |
| 5:26 | Create | Villager (Male) |
| 5:53 | Build | Mill |
| 6:15 | Create | Villager (Male) |
| 6:41 | Create | Villager (Male) |
| 6:42 | Create | Villager (Male) |
| 7:50 | Create | Villager (Male) |
| 8:42 | Build | Mill |
| 8:56 | Research | Feudal Age |
| 9:07 | Build | Mining Camp |
| 9:57 | Build | House |
| 11:06 | Age | Feudal Age |
| 11:11 | Create | Villager (Male) |
| 11:11 | Create | Villager (Male) |
| 11:38 | Build | Farm |
| 11:39 | Build | Farm |
| 11:39 | Build | Farm |
| 11:40 | Build | Farm |
| 11:40 | Build | Farm |
| 11:43 | Build | Farm |
| 11:44 | Build | Farm |
| 11:46 | Build | Farm |
| 11:53 | Research | Gold Mining |
| 12:25 | Create | Villager (Male) |
| 12:25 | Create | Villager (Male) |
| 12:40 | Create | Villager (Male) |
| 12:47 | Research | Double-Bit Axe |
| 13:16 | Create | Villager (Male) |
| 13:16 | Create | Villager (Male) |
| 13:52 | Build | Lumber Camp |
| 13:53 | Create | Villager (Male) |
| 13:54 | Create | Villager (Male) |
| 14:22 | Build | Farm |
| 14:47 | Research | Wheelbarrow |
| 15:13 | Build | Market |
| 16:00 | Build | Barracks |
| 17:03 | Build | Stable |
| 17:12 | Create | Villager (Male) |
| 17:20 | Build | House |
| 17:27 | Research | Town Watch |
| 17:57 | Research | Castle Age |
| 18:03 | Build | Archery Range |
| 18:26 | Research | Bloodlines |
| 18:36 | Build | Farm |
| 18:38 | Build | Farm |
| 18:39 | Build | Farm |
| 18:53 | Build | House |
| 18:54 | Build | House |
| 19:08 | Build | Blacksmith |
Build order — Crecht
14 actions detected in the replay
| 0:03 | Create | Villager (Male) ×5 |
| 0:05 | Build | House |
| 0:06 | Build | House |
| 0:48 | Build | Palisade Wall |
| 0:59 | Build | Palisade Wall |
| 1:05 | Build | Palisade Wall |
| 2:06 | Build | Palisade Wall |
| 2:09 | Create | Villager (Male) |
| 2:55 | Build | Mill |
| 2:58 | Create | Villager (Male) |
| 3:09 | Research | Loom |
| 3:25 | Create | Villager (Male) |
| 3:35 | Build | House |
| 3:42 | Create | Villager (Male) |
Build order — HHH2323
86 actions detected in the replay
| 0:02 | Create | Villager (Male) |
| 0:03 | Create | Villager (Male) |
| 0:04 | Build | House |
| 0:07 | Build | House |
| 0:17 | Create | Villager (Male) |
| 0:17 | Create | Villager (Male) |
| 0:19 | Research | Loom |
| 0:45 | Create | Villager (Male) |
| 0:45 | Create | Villager (Male) |
| 0:46 | Create | Villager (Male) |
| 0:46 | Create | Villager (Male) |
| 1:23 | Build | Palisade Wall |
| 2:42 | Build | Lumber Camp |
| 2:58 | Create | Villager (Male) |
| 2:58 | Create | Villager (Male) |
| 3:18 | Create | Villager (Male) |
| 3:19 | Create | Villager (Male) |
| 4:07 | Build | House |
| 4:28 | Build | House |
| 4:29 | Create | Villager (Male) |
| 4:30 | Create | Villager (Male) |
| 4:30 | Create | Villager (Male) |
| 5:59 | Create | Villager (Male) |
| 6:07 | Create | Villager (Male) |
| 6:07 | Create | Villager (Male) |
| 6:52 | Build | Barracks |
| 6:59 | Create | Villager (Male) |
| 6:59 | Create | Villager (Male) |
| 7:31 | Build | Mining Camp |
| 7:38 | Create | Villager (Male) |
| 7:38 | Create | Villager (Male) |
| 7:38 | Create | Villager (Male) |
| 7:55 | Build | House |
| 7:57 | Build | House |
| 8:14 | Build | House |
| 8:33 | Create | Villager (Male) |
| 8:33 | Create | Villager (Male) |
| 8:33 | Create | Villager (Male) |
| 8:34 | Create | Villager (Male) |
| 9:20 | Create | Villager (Male) |
| 9:20 | Create | Villager (Male) |
| 9:57 | Build | House |
| 10:00 | Create | Militia |
| 10:00 | Create | Militia |
| 10:17 | Create | Villager (Male) |
| 10:17 | Create | Villager (Male) |
| 11:34 | Create | Villager (Male) |
| 11:34 | Create | Villager (Male) |
| 11:38 | Create | Militia |
| 11:39 | Create | Militia |
| 11:39 | Create | Militia |
| 12:27 | Build | House |
| 12:30 | Create | Villager (Male) |
| 12:37 | Build | Mill |
| 12:49 | Create | Villager (Male) |
| 13:08 | Create | Militia |
| 13:09 | Create | Militia |
| 13:09 | Create | Militia |
| 13:39 | Build | House |
| 14:08 | Create | Militia |
| 14:08 | Create | Militia |
| 14:08 | Create | Militia |
| 14:20 | Build | Barracks |
| 14:23 | Create | Villager (Male) |
| 14:24 | Create | Villager (Male) |
| 14:24 | Create | Villager (Male) |
| 14:24 | Create | Villager (Male) |
| 14:56 | Create | Militia |
| 14:56 | Create | Militia |
| 14:57 | Create | Militia |
| 15:20 | Build | Mill |
| 15:21 | Create | Villager (Male) |
| 15:22 | Create | Villager (Male) |
| 15:29 | Build | Lumber Camp |
| 15:37 | Create | Militia |
| 15:37 | Create | Militia |
| 15:43 | Build | House |
| 16:50 | Build | Mill |
| 16:56 | Create | Villager (Male) |
| 16:57 | Create | Villager (Male) |
| 16:57 | Create | Villager (Male) |
| 16:57 | Create | Villager (Male) |
| 17:04 | Build | Farm |
| 17:30 | Create | Villager (Male) |
| 17:41 | Build | Mining Camp |
| 18:35 | Research | Feudal Age |
Match timeline
| 0:48 | Crecht · wall_segment Palisade Wall x8 |
| 0:57 | frizboum · wall_segment Palisade Wall x13 |
| 0:59 | Crecht · wall_segment Palisade Wall x5 |
| 1:05 | Crecht · wall_segment Palisade Wall x11 |
| 1:23 | HHH2323 · wall_segment Palisade Wall x10 |
| 2:06 | Crecht · wall_segment Palisade Wall x18 |
| 2:24 | camper · wall_segment Palisade Wall x10 |
| 4:40 | Crecht · resign |
| 6:52 | HHH2323 · first_building Barracks |
| 11:06 | 76561199756344589 · age_up feudal |
| 12:04 | frizboum · first_building Barracks |
| 16:00 | 76561199756344589 · first_building Barracks |
| 17:03 | 76561199756344589 · first_building Stable |
| 17:45 | 76561199756344589 · first_market_buy 100 food |
| 18:03 | 76561199756344589 · first_building Archery Range |
| 19:10 | frizboum · first_market_buy 100 food |
[ AI ANALYSIS · 1 CREDIT ]
What really happened in this match?
Wolo.gg analyzes every decision: build order, eco, micro, common mistakes by bracket. Personalized analysis on WhatsApp or Discord in 30 seconds.
Civ guide
Celts
Map guide
Black Forest
Perfil
frizboum